 Dungeon Crawl Stone Soup version 0.26-a0-597-gb535b0901c (webtiles) character file.

Game seed: 5385463133854930833

116 Lanoc the Chiller (level 4, 0/33 HPs)
             Began as a Draconian Ice Elementalist on Sept 4, 2020.
             Succumbed to a worker ant's poison
             ... on level 4 of the Dungeon.
             The game lasted 00:03:00 (1434 turns).

Lanoc the Chiller (Draconian Ice Elementalist)      Turns: 1434, Time: 00:03:00

Health: 0/33       AC:  5    Str: 10    XL:     4   Next: 69%
Magic:  2/7        EV: 13    Int: 17    God:
Gold:   115        SH:  0    Dex: 11    Spells: 3/7 levels left

rFire    . . .     SeeInvis .   d - +0 whip (freeze)
rCold    . . .     Faith    .   (no shield)
rNeg     . . .     Spirit   .   (armour unavailable)
rPois    .         Reflect  .   (helmet restricted)
rElec    .         Harm     .   (no cloak)
rCorr    .                      (no gloves)
MR       .....                  (no boots)
Stlth    ++........             (no amulet)
HPRegen  0.11/turn              (no ring)
MPRegen  0.10/turn              (no ring)

@: lethally poisoned (0 -> -3)
A: unfitting armour, cold-blooded, AC +5
a: no special abilities


You were on level 4 of the Dungeon.
You visited 1 branch of the dungeon, and saw 4 of its levels.

You collected 115 gold pieces.

Inventory:

Hand Weapons
 d - a +0 whip of freezing (weapon)
Potions
 a - 2 potions of cancellation


   Skills:
 + Level 2.9 Dodging
 - Level 1.7 Stealth
 - Level 2.0 Spellcasting
 * Level 5.5 Ice Magic


You had 3 spell levels left.
You knew the following spells:

 Your Spells              Type           Power        Failure   Level
a - Freeze                Ice            ###.         1%          1
b - Frozen Ramparts       Ice            ###...       6%          3

Your spell library contained the following spells:

 Spells                   Type           Power        Failure   Level
 Ozocubu's Armour         Ice            ###.....     6%          3
 Hailstorm                Conj/Ice       ##......     52%         4
 Summon Ice Beast         Ice/Summ       ##......     52%         4


Dungeon Overview and Level Annotations

Branches:
Dungeon (4/15)
 Temple: D:4-7

Altars:
Fedhas
Nemelex Xobeh
Xom

Annotations:
D:2 Jessica
D:4 2 transporters, braks's ghost, amateur DrCj


Innate Abilities, Weirdness & Mutations

Your plain brown scales are hard. (AC +5)
You cannot fit into any form of body armour.
You are cold-blooded and may be slowed by cold attacks.


Message History

* * * LOW HITPOINT WARNING * * *
You feel sick.
The wall freezes the orc wizard.
The orc wizard casts a spell at you. The puff of flame hits you.
* * * LOW HITPOINT WARNING * * *
The frozen ramparts melt away.
The worker ant misses you.
* * * LOW HITPOINT WARNING * * *
You feel sick.
Casting: Frozen Ramparts (dangerous; 6% risk of failure)
Confirm with . or Enter, or press ? or * to list all spells.
You don't have enough magic to cast that spell.
* * * LOW HITPOINT WARNING * * *
You feel sick.
The orc wizard casts a spell.
The orc wizard flickers and vanishes!
The worker ant closely misses you.
Casting: Frozen Ramparts (dangerous; 6% risk of failure)
Confirm with . or Enter, or press ? or * to list all spells.
You don't have enough magic to cast that spell.
You die...

############ ###
........?.####..#
#.# ##..{a.@..#
#.###.###.###.#
#.#.###..# #.###
#.####...####.#
#...#
#......?......#
#...# .
######...######
#...### #.. .
#.#.## #.<...#
#.##.o# #.###.##
#...#.####..#.#.
#.# ##.#
#...#.........o.


You could see a worker ant.

Vanquished Creatures
  A worker ant (D:3)
  A gnoll (D:1)
  2 adders (D:3)
  A white imp (D:3)
  4 dart slugs
  A leopard gecko (D:1)
  2 giant cockroaches (D:3)
  2 goblins
  10 hobgoblins
  9 jackals
  4 kobolds
  A quokka (D:4)
  3 bats
  3 frilled lizards
  2 rats
46 creatures vanquished.

Notes
Turn   | Place    | Note
-------+----------+-------------------------------------------
     0 | D:1      | Lanoc the Draconian Ice Elementalist began the quest for
                  | the Orb.
     0 | D:1      | Reached XP level 1. HP: 14/14 MP: 3/3
   122 | D:2      | Noticed Jessica
   135 | D:1      | Reached XP level 2. HP: 20/20 MP: 0/5
   234 | D:1      | Found a sparkling altar of Nemelex Xobeh.
   577 | D:1      | Reached XP level 3. HP: 26/26 MP: 2/6
   624 | D:2      | Found a blossoming altar of Fedhas.
   682 | D:2      | Learned a level 3 spell: Frozen Ramparts
   841 | D:3      | Reached skill level 5 in Ice Magic
   841 | D:3      | Reached XP level 4. HP: 26/33 MP: 3/7
  1334 | D:3      | Found a shimmering altar of Xom.
  1334 | D:3      | Found a shimmering altar of Xom.
  1334 | D:3      | Found a shimmering altar of Xom.
  1334 | D:3      | Found a shimmering altar of Xom.
  1396 | D:4      | Found a transporter.
  1398 | D:4      | Found a transporter.
  1400 | D:4      | Noticed braks's ghost (amateur DrCj)
  1431 | D:4      | HP: 1/33 [poisoned by a worker ant]
  1434 | D:4      | Succumbed to a worker ant's poison

Illustrated notes

Levels and vault maps discovered:
D:1:      saegor_arrival_miasma, layout_loops_ring,
          chequers_serial_rivers_large_a, nemelex_xobeh_ov_fountains_minmay
D:2:      layout_rooms, grunt_decor_one_mirror, fedhas_altar_2, uniq_jessica
D:3:      layout_loops_corners, old_standard_altar, xom_redecorated
D:4:      layout_rooms, bloody_trog, enter_ossuary_5,
          cheibrodos_sewer_entry_bend, gammafunk_ghost_mausoleum,
          hex_intersection

Skill      XL: |  1  2  3 |
---------------+----------+-----
Dodging        | 2 |  2.9
Ice Magic      | 5 |  5.5
Stealth        | |  1.7
Spellcasting   | |  2.0

Action                   |  1- 3 |  4- 6 || total
-------------------------+-------+-------++-------
Melee: Unarmed           |    18 |       ||    18
       Tailslap          |     4 |     1 ||     5
       Whip              |    19 |    19 ||    38
 Cast: Freeze            |    36 |       ||    36
       Frozen Ramparts   |     2 |     9 ||    11
  Use: Scroll            |       |     3 ||     3
 Stab: Sleeping          |     1 |       ||     1
Armor: Skin              |    16 |     9 ||    25
Dodge: Dodged            |    42 |    33 ||    75

Table legend: (Time is in decaauts)
 A = Elapsed time spent in this place.
 B = Non-inter-level travel time spent in this place.
 C = Inter-level travel time spent in this place.
 D = Time resting spent in this place.
 E = Time spent auto-exploring this place.
 F = Levels seen in this place.
 G = Mean time per level.
                   A        B        C        D        E       F      G
               +--------+--------+--------+--------+--------+-----+--------+
         Total |   1440 |   1378 |     62 |     31 |   1028 |   4 |  360.0 |
       Dungeon |   1440 |   1378 |     62 |     31 |   1028 |   4 |  360.0 |
               +--------+--------+--------+--------+--------+-----+--------+

Top non-repeatable levels by time:
     D:3: 640 daAuts
     D:1: 623 daAuts
     D:2: 117 daAuts
     D:4: 59 daAuts
